 Dungeon Crawl Stone Soup version 0.31-a0-479-g91c9547826 (console) character file.

Game seed: 5332097686364170476

17498 Lexodia the Destroyer (level 12, -16/97 HPs)
             Began as a Gnoll Conjurer on Aug 7, 2023.
             Was an Elder of Ashenzari.
             Demolished by a freezing wraith (34 damage)
             ... on level 12 of the Dungeon.
             The game lasted 00:39:07 (15035 turns).

Lexodia the Destroyer (Gnoll Conjurer)             Turns: 15035, Time: 00:39:08

Health: -16/97     AC:  8    Str:  7    XL:     12   Next: 48%
Magic:  4/27       EV: 15    Int: 23    God:    Ashenzari [****..]
Gold:   753        SH:  0    Dex: 10    Spells: 17/34 levels left

rFire   + . .        H - staff of the Ruined Comet (curse) {Conj, Cun, Self} (curse)
rCold   x . .        (no shield)
rNeg    + . .        x - +1 leather armour "Loss of the Chained God" {rN+, Alch, Cun} (curse)
rPois   .            i - +0 helmet "All-seeing Doubts" {Dev, Melee} (curse)
rElec   .            q - +0 cloak of Ouranomancy {Melee, Alch} (curse)
rCorr   .            (no gloves)
SInv    +            (no boots)
Will    .....        (no amulet)
Stlth   +++++        u - ring "Circumscribed Yoke" {Slay+4, Fort, Self} (curse)
HPRegen 0.36/turn    S - ring "Overhang to Understand" {Fire, Cun, Melee} (curse)
MPRegen 0.20/turn

%: clarity
@: very slightly contaminated
A: fangs 1, strong nose, distributed training
a: Renounce Religion, Shatter the Chains


You were on level 12 of the Dungeon.
You worshipped Ashenzari.
Ashenzari was greatly pleased with you.
You visited 2 branches of the dungeon, and saw 13 of its levels.

You collected 753 gold pieces.

Inventory:

Hand Weapons
 l - a +2 hand axe of electrocution
 p - a +2 quarterstaff of chaos
 A - a +5 trident
Missiles
 h - 9 boomerangs
 v - 24 poisoned darts
 G - a curare-tipped dart
Armour
 i - the cursed +0 helmet "All-seeing Doubts" (worn) {Dev, Melee}
   (You found it on level 2 of the Dungeon)

   It has a curse which improves the following skills: Devices: Evocations and
   Shapeshifting.
   Melee Combat: Short Blades, Long Blades, Axes, Maces & Flails, Polearms,
   Staves and Unarmed Combat.
 q - the cursed +0 cloak of Ouranomancy (worn) {Melee, Alch}
   (You took it off Crazy Yiuf on level 2 of the Dungeon)

   It has a curse which improves the following skills: Melee Combat: Short
   Blades, Long Blades, Axes, Maces & Flails, Polearms, Staves and Unarmed
   Combat.
   Alchemy:   Poison Magic and Transmutations.
 x - the cursed +1 leather armour "Loss of the Chained God" (worn) {rN+, Alch, Cun}
   (You found it on level 3 of the Dungeon)

   It has a curse which improves the following skills: Alchemy: Poison Magic and
   Transmutations.
   Cunning:   Dodging and Stealth.
 y - +0 shadow dragon scales
 I - a +0 cloak
 J - a +1 leather armour of cold resistance
 M - a +2 helmet of see invisible
 N - a +0 helmet
 P - a +3 troll leather armour {Snorg}
Magical Staves
 z - a staff of earth
 H - the cursed staff of the Ruined Comet (weapon) {Conj, Cun, Self}
   (You found it on level 6 of the Dungeon)

   [staff of conjuration]

   Base accuracy: +5 Base damage: 5 Base attack delay: 1.2 This weapon's minimum
   attack delay (0.6) is reached at skill level 12.
   Conj:      It increases the power of your Conjurations spells.
   It falls into the 'Staves' category.
   It is a one-handed weapon.
   It has a curse which improves the following skills: Cunning: Dodging and
   Stealth.
   Introspection: Fighting and Spellcasting.
 K - a staff of poison
Jewellery
 u - the cursed ring "Circumscribed Yoke" (left hand) {Slay+4, Fort, Self}
   (You found it on level 1 of the Dungeon)

   [ring of slaying]

   Slay:      It affects your accuracy & damage with ranged weapons and melee
   (+4).
   It has a curse which improves the following skills: Fortitude: Armour and
   Shields.
   Introspection: Fighting and Spellcasting.
 R - a ring of ice
 S - the cursed ring "Overhang to Understand" (right hand) {Fire, Cun, Melee}
   (You found it on level 10 of the Dungeon)

   [ring of fire]

   It enhances your fire magic.
   rF:        It protects you from fire.
   rC:        It makes you vulnerable to cold.
   It has a curse which improves the following skills: Cunning: Dodging and
   Stealth.
   Melee Combat: Short Blades, Long Blades, Axes, Maces & Flails, Polearms,
   Staves and Unarmed Combat.
 U - a +6 ring of dexterity
Wands
 a - a wand of polymorph (5)
 k - a wand of flame (43)
 D - a wand of charming (24)
 O - a wand of iceblast (5)
 Q - a wand of light (3)
Scrolls
 b - a scroll of enchant armour
 c - 4 scrolls of poison
 d - 3 scrolls of immolation
 f - 3 scrolls of torment
 g - 5 scrolls of enchant weapon
 m - 4 scrolls of vulnerability
 n - a scroll of butterflies
 o - 2 scrolls of amnesia
 r - 10 scrolls of teleportation
 C - 3 scrolls of blinking
 E - 4 scrolls of fog
 T - 2 scrolls of fear
Potions
 e - 3 potions of lignification
 j - 3 potions of curing
 s - 3 potions of berserk rage
 t - a potion of mutation
 w - a potion of cancellation
 B - a potion of heal wounds
 F - 4 potions of haste
 L - 2 potions of ambrosia
 V - a potion of enlightenment


   Skills:
 + Level 7.4(10.2) Fighting
 + Level 7.4(11.1) Short Blades
 + Level 7.4(11.1) Long Blades
 + Level 7.4(11.1) Axes
 + Level 7.4(11.1) Maces & Flails
 + Level 7.4(11.1) Polearms
 + Level 7.4(11.1) Staves
 + Level 7.4 Ranged Weapons
 + Level 7.4 Throwing
 + Level 7.4(9.3) Armour
 + Level 8.8(12.4) Dodging
 + Level 8.6(12.2) Stealth
 + Level 7.4(9.3) Shields
 + Level 7.4(11.1) Unarmed Combat
 + Level 9.1(11.8) Spellcasting
 + Level 9.5 Conjurations
 + Level 6.2 Hexes
 + Level 6.2 Summonings
 + Level 6.2 Necromancy
 + Level 6.2 Translocations
 + Level 6.2(8.9) Transmutations
 + Level 6.2 Fire Magic
 + Level 6.2 Ice Magic
 + Level 6.2 Air Magic
 + Level 6.2 Earth Magic
 + Level 6.2(8.9) Poison Magic
 + Level 8.2 Invocations
 + Level 7.4(9.3) Evocations
 + Level 6.2(8.0) Shapeshifting


You had 17 spell levels left.
You knew the following spells:

 Your Spells              Type           Power      Damage    Failure   Level
a - Foxfire               Conj/Fire      100%       2x1d9     1%          1
b - Searing Ray           Conj           100%       2d8       1%          2
c - Fulminant Prism       Conj/Hex       33%        3d15      2%          4
d - Iskenderun's Mystic   Conj/Tloc      66%        2d14      2%          4
z - Fireball              Conj/Fire      42%        3d17      7%          5
D - Magic Dart            Conj           100%       1d8       1%          1

Your spell library contained the following spells:

 Spells                   Type           Power      Damage    Failure   Level
 Apportation              Tloc           84%        N/A       1%          1
 Necrotise                Necr           100%       1d9       1%          1
 Sandblast                Erth           84%        2d18      1%          1
 Summon Small Mammal      Summ           100%       N/A       1%          1
 Cigotuvi's Dreadful Rot  Necr/Pois/Air  92%        N/A       1%          2
 Passwall                 Tmut/Erth      40%        N/A       1%          2
 Dazzling Flash           Conj/Hex       100%       N/A       1%          3
 Stone Arrow              Conj/Erth      100%       3d13      1%          3
 Anguish                  Hex/Necr       21%        N/A       4%          4
 Cause Fear               Hex            21%        N/A       4%          4
 Dispel Undead            Necr           42%        3d17      4%          4
 Starburst                Conj/Fire      42%        6d12      36%         6
 Death Channel            Necr           21%        N/A       58%         6
 Plasma Beam              Fire/Air       29%        2x1d42    58%         6
 Enfeeble                 Hex            21%        N/A       99%         7
 Dragon's Call            Summ           21%        N/A       100%        9


Dungeon Overview and Level Annotations

Branches:
Dungeon (12/15)            Temple (1/1) D:7            Lair (0/5) D:9
    Orc (0/2) D:12

Altars:
Ashenzari
Cheibriados
Dithmenos
Elyvilon
Fedhas
Gozag
Hepliaklqana
Kikubaaqudgha
Makhleb
Nemelex Xobeh
Okawaru
Qazlal
Ru
Sif Muna
Trog
Uskayaw
Vehumet
Wu Jian
Xom
Yredelemnul
Zin
The Shining One

Shops:
D:9 :   D:12 (


Innate Abilities, Weirdness & Mutations

You have very sharp teeth.
Your uncanny sense of smell can sniff out nearby items.
Your experience applies equally to all skills.


Message History

The fire elemental closely misses you. The fire elemental misses you.
Your fulminant prism crackles loudly.
The freezing wraith hits you but does no damage.
The freezing wraith hits you.
Damage: -3%(-3hp) hp: 80%(77hp)
You hit the freezing wraith but do no damage.
You blast the freezing wraith!
The freezing wraith is moderately damaged.
The fire elemental hits you. The fire elemental burns you! You resist.
The fire elemental misses you.
Your fulminant prism explodes!
The blast of energy engulfs the fire elemental!!
The fire elemental is almost destroyed.
The blast of energy engulfs the fire elemental!!
The fire elemental is severely damaged.
Damage: -4%(-4hp) hp: 76%(73hp) Unknown command.
You hit the freezing wraith but do no damage.
You blast the freezing wraith.
You bite the freezing wraith, but do no damage.
The freezing wraith is heavily damaged.
The freezing wraith hits you. The freezing wraith freezes you!!
You feel a terrible chill! The freezing wraith closely misses you.
The fire elemental completely misses you.
The fire elemental closely misses you.
Huge Dmg: -28%(-27hp) hp: 48%(46hp)
The freezing wraith attacks as you move away!
The freezing wraith hits you. The freezing wraith freezes you!
You feel a terrible chill! The freezing wraith barely misses you.
Huge Dmg: -15%(-14hp) hp: 33%(32hp)
Casting: Fulminant Prism (dangerous; 2% risk of failure)
Confirm with . or Enter, or press ? or * to list all spells.
You feel a strong surge of power!
You conjure some foxfire!
The fire elemental misses you. The fire elemental hits you.
The fire elemental burns you! You resist.
* * * LOW HITPOINT WARNING * * *
The freezing wraith hits you!
* * * LOW HITPOINT WARNING * * *
The freezing wraith freezes you!!
You feel a terrible chill!
You die...

...#....#.....<..........#
.).#....#................#
...#....#.........########
...'....#.....[...#.......
...#....##........'.......
...#....##........#.......*
...#.........°○.†.#.......
...#..........○EWv#.......*
...#...........E@v#.......*
...#.......e......#.......*
...#..............#.(.....
...#..............#.......
...####+##........# ,,,
...#....##........#,, ,,
...#....'.........# , ,
...#....#.........# ,, *
...'....#.........# , ,


You could see a freezing wraith (ally target), a deep elf pyromancer and 2 fire
elementals.

Vanquished Creatures
  Snorg (D:10)
  A fire dragon (D:9)
  A hydra (D:9)
  Erolcha (D:10)
  A tengu warrior (D:12)
  A boulder beetle (D:11)
  A two-headed ogre (D:9)
  An ugly thing (D:9)
  Maurice (D:8)
  3 cyclopes
  A gargoyle (D:12)
  2 kobold demonologists (D:12)
  Grinder (D:3)
  3 slime creatures (D:12)
  A shadow (D:11)
  A wraith (D:11)
  5 wyverns
  A basilisk (D:9)
  28 yaks
  5 vampire mosquitoes
  6 water moccasins
  3 sky beasts
  A black bear (D:4)
  2 orc warriors
  An ice beast (D:8)
  3 centaurs
  2 phantoms
  2 gnoll sergeants (D:9)
  3 kobold brigands
  Blork the orc (D:5)
  A bullfrog (D:8)
  2 scorpions
  5 wights (D:9)
  A killer bee (D:9)
  11 howler monkeys
  7 hounds
  2 jellies
  Crazy Yiuf (D:2)
  3 orc priests
  A gnoll bouda (D:7)
  3 sleepcaps
  3 iguanas
  7 orc wizards
  Robin (D:4)
  14 gnolls
  9 adders
  3 shadow imps
  A white imp (D:7)
  3 worms
  2 dart slugs
  24 orcs
  10 ball pythons
  12 endoplasms
  6 giant cockroaches
  9 hobgoblins
  9 jackals
  9 quokkas
  6 bats
  4 frilled lizards
  12 goblins
  31 kobolds
  3 rats
  A spectral orc (D:10)
  A foxfire (D:10)
  2 fulminant prisms (D:9)
303 creatures vanquished.

Vanquished Creatures (others)
  755 foxfires
  42 fulminant prisms
797 creatures vanquished.

Grand Total: 1100 creatures vanquished

Notes
Turn   | Place    | Note
-------+----------+-------------------------------------------
     0 | D:1      | Lexodia the Gnoll Conjurer began the quest for the Orb.
     0 | D:1      | Reached XP level 1. HP: 13/13 MP: 6/6
   116 | D:1      | Reached XP level 2. HP: 19/19 MP: 5/7
   119 | D:1      | Learned a level 2 spell: Searing Ray
   268 | D:1      | You fall into a shaft and drop 1 floor!
   403 | D:2      | Learned a level 1 spell: Foxfire
   527 | D:2      | Reached XP level 3. HP: 25/25 MP: 9/9
   532 | D:2      | Reached skill level 5 in Spellcasting
   898 | D:2      | Reached skill level 1 in Invocations
  1020 | D:2      | Reached skill level 1 in Fighting
  1020 | D:2      | Reached skill level 1 in Short Blades
  1020 | D:2      | Reached skill level 1 in Long Blades
  1020 | D:2      | Reached skill level 1 in Axes
  1020 | D:2      | Reached skill level 1 in Maces & Flails
  1020 | D:2      | Reached skill level 1 in Polearms
  1020 | D:2      | Reached skill level 1 in Staves
  1020 | D:2      | Reached skill level 1 in Ranged Weapons
  1020 | D:2      | Reached skill level 1 in Throwing
  1020 | D:2      | Reached skill level 1 in Armour
  1020 | D:2      | Reached skill level 1 in Shields
  1020 | D:2      | Reached skill level 1 in Unarmed Combat
  1020 | D:2      | Reached skill level 1 in Evocations
  1180 | D:2      | Found a runed translucent door.
  1181 | D:2      | Noticed Crazy Yiuf
  1389 | D:2      | Huge Dmg: 10 dmg
  1390 | D:2      | Killed Crazy Yiuf
  1391 | D:2      | Reached XP level 4. HP: 21/32 MP: 1/11
  1577 | D:1      | Reached skill level 1 in Hexes
  1577 | D:1      | Reached skill level 1 in Summonings
  1577 | D:1      | Reached skill level 1 in Necromancy
  1577 | D:1      | Reached skill level 1 in Translocations
  1577 | D:1      | Reached skill level 1 in Transmutations
  1577 | D:1      | Reached skill level 1 in Fire Magic
  1577 | D:1      | Reached skill level 1 in Ice Magic
  1577 | D:1      | Reached skill level 1 in Air Magic
  1577 | D:1      | Reached skill level 1 in Earth Magic
  1577 | D:1      | Reached skill level 1 in Poison Magic
  1577 | D:1      | Reached skill level 1 in Shapeshifting
  1661 | D:1      | Found a faded altar of an unknown god.
  2188 | D:1      | Reached XP level 5. HP: 37/37 MP: 8/12
  2559 | D:3      | Noticed Grinder
  2566 | D:3      | Killed Grinder
  2567 | D:3      | Reached skill level 5 in Dodging
  2567 | D:3      | Reached XP level 6. HP: 38/44 MP: 5/14
  2899 | D:3      | Found a blossoming altar of Fedhas.
  3326 | D:3      | Learned a level 4 spell: Fulminant Prism
  3331 | D:3      | Learned a level 4 spell: Iskenderun's Mystic Blast
  3594 | D:4      | Noticed a black bear
  3604 | D:4      | Killed a black bear
  3605 | D:4      | Reached XP level 7. HP: 41/50 MP: 4/15
  4206 | D:4      | Reached skill level 5 in Stealth
  4342 | D:4      | Noticed Robin
  4343 | D:4      | Killed Robin
  4598 | D:4      | Found a sacrificial altar of Ru.
  5273 | D:5      | Entered Level 5 of the Dungeon
  5396 | D:5      | Reached XP level 8. HP: 54/57 MP: 13/16
  5549 | D:5      | Found a shadowy altar of Dithmenos.
  6283 | D:6      | Noticed Blork the orc
  6291 | D:5      | Killed Blork the orc
  6868 | D:6      | Noticed a wyvern
  6876 | D:6      | Huge Dmg: 14 dmg
  6876 | D:6      | Killed a wyvern
  6877 | D:6      | Reached XP level 9. HP: 50/65 MP: 11/18
  6990 | D:6      | Found an opulent altar of Gozag.
  7259 | D:7      | Found a staircase to the Ecumenical Temple.
  7266 | Temple   | Entered the Ecumenical Temple
  7270 | Temple   | Became a worshipper of Ashenzari the Shackled
  8128 | D:8      | Reached * piety under Ashenzari
  8138 | D:8      | Found a radiant altar of Vehumet.
  8491 | D:8      | Reached skill level 5 in Invocations
  8642 | D:8      | Noticed Maurice
  8650 | D:8      | Killed Maurice
  8922 | D:8      | Reached ** piety under Ashenzari
  9127 | D:9      | Noticed a two-headed ogre
  9131 | D:9      | Huge Dmg: 30 dmg
  9134 | D:9      | Killed a two-headed ogre
  9135 | D:9      | Reached skill level 5 in Fighting
  9135 | D:9      | Reached skill level 5 in Short Blades
  9135 | D:9      | Reached skill level 5 in Long Blades
  9135 | D:9      | Reached skill level 5 in Axes
  9135 | D:9      | Reached skill level 5 in Maces & Flails
  9135 | D:9      | Reached skill level 5 in Polearms
  9135 | D:9      | Reached skill level 5 in Staves
  9135 | D:9      | Reached skill level 5 in Ranged Weapons
  9135 | D:9      | Reached skill level 5 in Throwing
  9135 | D:9      | Reached skill level 5 in Armour
  9135 | D:9      | Reached skill level 5 in Shields
  9135 | D:9      | Reached skill level 5 in Unarmed Combat
  9135 | D:9      | Reached skill level 5 in Evocations
  9135 | D:9      | Reached XP level 10. HP: 34/76 MP: 1/22
  9334 | D:9      | Found Zich's Tremendous Tomes.
  9374 | D:9      | Huge Dmg: 19 dmg
  9919 | D:9      | Huge Dmg: 14 dmg
 10190 | D:9      | Reached XP level 11. HP: 84/84 MP: 16/24
 10322 | D:9      | Huge Dmg: 22 dmg
 10327 | D:9      | Reached skill level 5 in Hexes
 10327 | D:9      | Reached skill level 5 in Summonings
 10327 | D:9      | Reached skill level 5 in Necromancy
 10327 | D:9      | Reached skill level 5 in Translocations
 10327 | D:9      | Reached skill level 5 in Transmutations
 10327 | D:9      | Reached skill level 5 in Fire Magic
 10327 | D:9      | Reached skill level 5 in Ice Magic
 10327 | D:9      | Reached skill level 5 in Air Magic
 10327 | D:9      | Reached skill level 5 in Earth Magic
 10327 | D:9      | Reached skill level 5 in Poison Magic
 10327 | D:9      | Reached skill level 5 in Shapeshifting
 10555 | D:9      | Huge Dmg: 13 dmg
 10759 | D:9      | Noticed a brown ugly thing
 10770 | D:9      | Huge Dmg: 17 dmg
 10771 | D:9      | Huge Dmg: 14 dmg
 10771 | D:9      | Killed a brown ugly thing
 10999 | D:9      | Found a staircase to the Lair.
 11192 | D:9      | Found a sparkling altar of Nemelex Xobeh.
 11263 | D:9      | Noticed an eight-headed hydra
 11280 | D:9      | Killed an eight-headed hydra
 11451 | D:9      | Noticed a fire dragon
 11454 | D:9      | Huge Dmg: 36 dmg
 11461 | D:9      | Noticed a cyclops
 11468 | D:10     | Entered Level 10 of the Dungeon
 11658 | D:10     | Noticed Snorg
 11670 | D:10     | Killed Snorg
 11815 | D:10     | Reached *** piety under Ashenzari
 12061 | D:10     | Noticed Erolcha
 12077 | D:10     | Killed Erolcha
 12090 | D:10     | Learned a level 5 spell: Fireball
 12356 | D:10     | Reached **** piety under Ashenzari
 12605 | D:10     | Found a hazy altar of Hepliaklqana.
 13060 | D:9      | Killed a fire dragon
 13277 | D:11     | Noticed a boulder beetle
 13586 | D:11     | Noticed a cyclops
 13591 | D:11     | Huge Dmg: 30 dmg
 13591 | D:11     | Killed a cyclops
 13592 | D:11     | Reached XP level 12. HP: 64/95 MP: 13/27
 14163 | D:11     | Killed a boulder beetle
 14532 | D:12     | Found Nouts's Weapon Emporium.
 14532 | D:12     | Found a staircase to the Orcish Mines.
 14705 | D:12     | Noticed a tengu warrior
 14714 | D:12     | Killed a tengu warrior
 14749 | D:12     | Found a radiant altar of Vehumet.
 15034 | D:12     | Huge Dmg: 27 dmg
 15035 | D:12     | Huge Dmg: 14 dmg
 15035 | D:12     | Demolished by a freezing wraith

Illustrated notes

Levels and vault maps discovered:
D:1:      nzn_arrival_crosshair, layout_basic,
          hellmonk_ecumenical_altar_run_dry, dk_noncrumbling_3
D:2:      layout_loops_ring, minmay_misc_feat_ornament, uniq_crazy_yiuf_cottage
D:3:      layout_loops_ring, mainiacjoe_overflow_cross_hatched,
          kennysheep_pointless_box, chequers_serial_rivers_large_a,
          chequers_serial_rivers_small_a, bh_walls_and_bars, uniq_grinder
D:4:      layout_basic, nicolae_ru_awakened_eye, grunt_ministairs_12,
          hex_intersection, uniq_robin
D:5:      layout_basic, grunt_dithmenos_smoke, minmay_crystal_water
D:6:      layout_loops_cross, lemuel_doored_altar, item_on_display_a,
          uniq_blork_the_orc
D:7:      layout_loops_cross, minmay_temple_entry_gardened_gates
D:8:      layout_loops_ring, mainiacjoe_overflow_paths, uniq_maurice
D:9:      layout_irregular_city, nemelex_altar_shiori, minmay_lair_entry_grove,
          minivault_16, palyth_stone_intersect, nicolae_shop_i_like_big_books,
          chequers_hall_statues_corner_a, minmay_shattered_shrine
D:10:     layout_basic, nicolae_hepliaklqana_monster_ancestors, uniq_erolcha,
          uniq_snorg
D:11:     layout_irregular_city
D:12:     layout_gridville, orc_david_3, portal_ice_cave_entry_imps,
          nicolae_vehumet_altar_sigil
Temple:   hellmonk_temple_two_chambers

Skill      XL: |  1  2  3  4  5  6  7  8  9 10 11 12 |
---------------+-------------------------------------+-----
Spellcasting   | 5 6 7 8 9 |  9.1
Invocations    | 1 2 3 4 5 6 7 8 |  8.2
Fighting       | 1 2 3 5 7 |  7.4
Short Blades   | 1 2 3 5 7 |  7.4
Long Blades    | 1 2 3 5 7 |  7.4
Axes           | 1 2 3 5 7 |  7.4
Maces & Flails | 1 2 3 5 7 |  7.4
Polearms       | 1 2 3 5 7 |  7.4
Staves         | 1 2 3 5 7 |  7.4
Ranged Weapons | 1 2 3 5 7 |  7.4
Throwing       | 1 2 3 5 7 |  7.4
Armour         | 1 2 3 5 7 |  7.4
Shields        | 1 2 3 5 7 |  7.4
Unarmed Combat | 1 2 3 5 7 |  7.4
Evocations     | 1 2 3 5 7 |  7.4
Hexes          | 1 2 3 4 5 6 |  6.2
Summonings     | 1 2 3 4 5 6 |  6.2
Necromancy     | 1 2 3 4 5 6 |  6.2
Translocations | 1 2 3 4 5 6 |  6.2
Transmutations | 1 2 3 4 5 6 |  6.2
Fire Magic     | 1 2 3 4 5 6 |  6.2
Ice Magic      | 1 2 3 4 5 6 |  6.2
Air Magic      | 1 2 3 4 5 6 |  6.2
Earth Magic    | 1 2 3 4 5 6 |  6.2
Poison Magic   | 1 2 3 4 5 6 |  6.2
Shapeshifting  | 1 2 3 4 5 6 |  6.2
Dodging        | 5 6 7 8 |  8.8
Stealth        | 5 6 7 8 |  8.6
Conjurations   | 8 9 |  9.5

Action                     |  1- 3 |  4- 6 |  7- 9 | 10-12 || total
---------------------------+-------+-------+-------+-------++-------
  Melee: Dagger            |    31 |       |       |       ||    31
         Unarmed           |     1 |       |       |       ||     1
         Bite              |     3 |     2 |    12 |     9 ||    26
         Punch             |     1 |       |       |     5 ||     6
         Quarterstaff      |       |    30 |     5 |       ||    35
         Trident           |       |       |    34 |       ||    34
         Staff             |       |       |    24 |    97 ||   121
  Throw: Dart              |       |       |       |     1 ||     1
   Cast: Magic Dart        |    32 |     1 |     3 |     5 ||    41
         Foxfire           |    28 |    94 |   236 |    83 ||   441
         Searing Ray       |       |     1 |     4 |     2 ||     7
         Fulminant Prism   |       |       |     7 |    37 ||    44
         Iskenderun's Myst |       |       |     4 |    32 ||    36
         Fireball          |       |       |       |    37 ||    37
 Invoke: Curse Item        |       |       |     3 |     4 ||     7
         Shatter the Chain |       |       |       |     1 ||     1
  Evoke: Wand              |       |       |     1 |     3 ||     4
    Use: Scroll            |       |       |     9 |     1 ||    10
         Potion            |       |       |       |     1 ||     1
   Stab: Sleeping          |     6 |     1 |     4 |       ||    11
 Armour: Robe              |     5 |    18 |       |       ||    23
         Leather armour    |       |     4 |    26 |    28 ||    58
  Dodge: Dodged            |    25 |    32 |    60 |    79 ||   196

Table legend: (Time is in decaauts)
 A = Elapsed time spent in this place.
 B = Non-inter-level travel time spent in this place.
 C = Inter-level travel time spent in this place.
 D = Time resting spent in this place.
 E = Time spent auto-exploring this place.
 F = Levels seen in this place.
 G = Mean time per level.
                   A        B        C        D        E       F      G
               +--------+--------+--------+--------+--------+-----+--------+
         Total |  15045 |  14443 |    602 |    971 |  11598 |  13 | 1157.3 |
       Dungeon |  15037 |  14441 |    596 |    971 |  11598 |  12 | 1253.1 |
        Temple |      8 |      2 |      6 |      0 |      0 |   1 |    8.0 |
               +--------+--------+--------+--------+--------+-----+--------+

Top non-repeatable levels by time:
     D:9: 1829 daAuts
     D:8: 1737 daAuts
     D:4: 1680 daAuts
    D:10: 1418 daAuts
     D:1: 1273 daAuts
     D:2: 1202 daAuts
    D:11: 1198 daAuts
     D:3: 1139 daAuts
     D:5: 1053 daAuts
     D:6: 940 daAuts
     D:7: 852 daAuts
    D:12: 712 daAuts
  Temple: 8 daAuts
